 Dungeon Crawl Stone Soup version 0.30-a0-123-g91d0c66ccf (webtiles) character file.

Game seed: 9843649713049287658

63 MisterAzrael the Slasher (level 3, 0/31 HPs)
             Began as a Minotaur Fighter on Sept 17, 2022.
             Slain by an orc
             ... wielding a +0 club
              (2 damage)
             ... on level 3 of the Dungeon.
             The game lasted 00:02:15 (2229 turns).

MisterAzrael the Slasher (Minotaur Fighter)         Turns: 2229, Time: 00:02:16

Health: 0/31       AC:  6    Str: 22    XL:     3   Next: 89%
Magic:  2/2        EV:  9    Int:  5    God:
Gold:   63         SH:  4    Dex:  9    Spells: 2/2 levels left

rFire   + + .      SeeInvis .    a - +0 long sword
rCold   + . .      Faith    +    c - +0 buckler
rNeg    . . .      Spirit   .    b - +0 scale mail
rPois   +          Reflect  .    (helmet restricted)
rElec   +          Harm     .    (no cloak)
rCorr   +          Rampage  .    (no gloves)
Will    .....                    (no boots)
Stlth   ..........               h - amulet of faith
HPRegen 0.10/turn                n - ring of protection from fire
MPRegen 0.08/turn                (no ring)

@: mighty, resistant
A: horns 2, retaliatory headbutt
a: no special abilities


You were on level 3 of the Dungeon.
You visited 1 branch of the dungeon, and saw 3 of its levels.

You collected 63 gold pieces.

Inventory:

Hand Weapons
 a - a +0 long sword (weapon)
Armour
 b - a +0 scale mail (worn)
 c - a +0 buckler (worn)
Jewellery
 h - an amulet of faith (around neck)
 n - a ring of protection from fire (left hand)
Scrolls
 i - a scroll of fear {unknown}
 j - 2 scrolls of teleportation {unknown}
 l - a scroll of enchant armour {unknown}
 m - a scroll of brand weapon {unknown}
Potions
 e - a potion of lignification {unknown}
 g - a potion of magic {unknown}
 k - a potion of ambrosia {unknown}


   Skills:
 - Level 3.6 Fighting
 + Level 5.2 Long Blades
 - Level 3.6 Armour
 - Level 3.6 Shields


You had 2 spell levels left.
You didn't know any spells.
Your spell library contained the following spells:

 Spells                   Type           Power      Damage    Failure   Level
 Gell's Gravitas          Tloc           0%         N/A       99%         3
 Lesser Beckoning         Tloc           0%         N/A       99%         3
 Teleport Other           Tloc           0%         N/A       99%         3


Dungeon Overview and Level Annotations

Branches:
Dungeon (3/15)

Altars:
Cheibriados


Innate Abilities, Weirdness & Mutations

You have a pair of horns on your head.
You reflexively headbutt those who attack you in melee.


Message History

You closely miss the orc wizard. You headbutt the orc wizard.
The orc wizard is moderately wounded.
The orc wizard hits you but does no damage.
You block the orc's attack. The orc hits you but does no damage.
The orc wizard hits you but does no damage.
You closely miss the orc wizard. Your headbutt misses the orc wizard.
The orc wizard is moderately wounded.
The orc hits you with a +0 club. The orc wizard barely misses you.
You hit the orc wizard.
The orc wizard is moderately wounded.
The orc wizard hits you with a +0 dagger.
The orc hits you but does no damage.
You hit the orc wizard.
The orc wizard is severely wounded.
The orc wizard barely misses you. The orc hits you with a +0 club.
You hit the orc wizard but do no damage.
The orc wizard is severely wounded.
The orc wizard casts a spell at you. The puff of flame hits you. You resist.
The orc hits you with a +0 club.
You are too injured to fight recklessly!
You are too injured to fight recklessly!
You are too injured to fight recklessly!
You hit the orc wizard but do no damage.
The orc wizard is severely wounded.
You block the orc's attack.
The orc wizard casts a spell.
The orc wizard flickers and vanishes!
Deactivating autopickup; reactivate with Ctrl-A.
The orc hits you with a +0 club.
* * * LOW HITPOINT WARNING * * *
You hear some strange, mumbled words.
A puff of flame appears from out of thin air!
The puff of flame hits you. You resist.
* * * LOW HITPOINT WARNING * * *
You feel very mighty all of a sudden. Something hits you but does no damage.
The orc hits you but does no damage.
It was a potion of resistance.
You feel protected. You block something's attack.
The orc hits you with a +0 club.
You die...

... #..# ...# ...
######### ###..#
......{o####...
#@##....#
#.)#.##.#####
##$.........##
#..#.#####..####
#.....# ##....##
#..#### #...#...
....########.<.####
.........>..†††.####
.....................


You could see an orc.

Vanquished Creatures
  An adder (D:2)
  A dart slug (D:2)
  An orc (D:3)
  8 ball pythons
  3 bats
  3 endoplasms
  2 giant cockroaches
  3 goblins (D:2)
  5 hobgoblins
  3 jackals (D:3)
  5 quokkas
  3 frilled lizards
  A kobold (D:2)
  5 rats
44 creatures vanquished.

Notes
Turn   | Place    | Note
-------+----------+-------------------------------------------
     0 | D:1      | MisterAzrael the Minotaur Fighter began the quest for the
                  | Orb.
     0 | D:1      | Reached XP level 1. HP: 19/19 MP: 0/0
   107 | D:1      | Reached skill level 3 in Long Blades
   286 | D:1      | Reached XP level 2. HP: 26/26 MP: 1/1
   306 | D:1      | Found a faded altar of an unknown god.
   772 | D:1      | Reached skill level 4 in Long Blades
  1045 | D:2      | Reached XP level 3. HP: 31/31 MP: 2/2
  1063 | D:2      | Found a snail-covered altar of Cheibriados.
  1818 | D:2      | Reached skill level 5 in Long Blades
  2227 | D:3      | HP: 1/31 [something/puff of flame (4)]
  2229 | D:3      | Slain by an orc

Illustrated notes

Levels and vault maps discovered:
D:1:      dpeg_arrival_boxes_within_box, layout_rooms,
          ebering_ecumenical_altar_mist
D:2:      layout_basic, basic_altar
D:3:      layout_rooms, lightli_sewer_entry_pipes

Skill      XL: |  1  2  3 |
---------------+----------+-----
Long Blades    | 3 4 5 |  5.2
Fighting       | |  3.6
Armour         | |  3.6
Shields        | |  3.6

Action                   || total
-------------------------++-------
Melee: Long sword        ||   129
       Headbutt          ||    13
  Use: Potion            ||     2
Armor: Scale mail        ||    70
Dodge: Dodged            ||    78
Block: Buckler           ||    39

Table legend: (Time is in decaauts)
 A = Elapsed time spent in this place.
 B = Non-inter-level travel time spent in this place.
 C = Inter-level travel time spent in this place.
 D = Time resting spent in this place.
 E = Time spent auto-exploring this place.
 F = Levels seen in this place.
 G = Mean time per level.
                   A        B        C        D        E       F      G
               +--------+--------+--------+--------+--------+-----+--------+
         Total |   2258 |   2206 |     52 |    180 |   1717 |   3 |  752.7 |
       Dungeon |   2258 |   2206 |     52 |    180 |   1717 |   3 |  752.7 |
               +--------+--------+--------+--------+--------+-----+--------+

Top non-repeatable levels by time:
     D:2: 1228 daAuts
     D:1: 902 daAuts
     D:3: 127 daAuts
